 Dungeon Crawl Stone Soup version 0.26-a0-812-g31a745ddcd (webtiles) character file.

Game seed: 8274887828711126042

2337 kae the Cleaver (level 9, -3/64 HPs)
             Began as a Deep Dwarf Fighter on Dec 3, 2020.
             Killed from afar by Dowan (10 damage)
             ... with a shard of ice
             ... on level 7 of the Dungeon.
             The game lasted 00:06:38 (5319 turns).

kae the Cleaver (Deep Dwarf Fighter)                Turns: 5319, Time: 00:06:38

Health: -3/64      AC: 19    Str: 23    XL:     9   Next: 19%
Magic:  7/7        EV: 11    Int: 15    God:
Gold:   452        SH:  5    Dex: 12    Spells: 8/8 levels left

rFire    . . .     SeeInvis +   a - +0 war axe
rCold    . . .     Faith    .   i - +0 buckler
rNeg     + . .     Spirit   .   x - +2 chain mail "Ejas" {MR+}
rPois    +         Reflect  .   d - +1 helmet {SInv}
rElec    .         Harm     .   m - +1 cloak
rCorr    .         Rampage  .   v - +1 pair of gloves
MR       ++...                  (no boots)
Stlth    ..........             (no amulet)
HPRegen  0.00/turn              q - ring of positive energy
MPRegen  0.10/turn              s - +6 ring of intelligence

@: non-regenerating
A: damage resistance, heal wounds, frail 2, sense surroundings 2, poison
resistance, wild magic 1, no regeneration
a: Heal Wounds


You were on level 7 of the Dungeon.
You visited 1 branch of the dungeon, and saw 7 of its levels.

You collected 452 gold pieces.

Inventory:

Hand Weapons
 a - a +0 war axe (weapon)
Missiles
 n - 2 throwing nets (quivered)
Armour
 d - a +1 helmet of see invisible (worn)
 i - a +0 buckler (worn)
 m - a +1 cloak (worn)
 v - a +1 pair of gloves (worn)
 x - the +2 chain mail "Ejas" (worn) {MR+}
   (You found it on level 7 of the Dungeon)

   It affects your resistance to hostile enchantments.
Jewellery
 j - an uncursed ring of see invisible
 k - an uncursed ring of flight
 p - an uncursed amulet of faith
 q - a ring of positive energy (left hand)
 r - a +6 ring of strength {unknown}
 s - a +6 ring of intelligence (right hand)
Wands
 w - a wand of paralysis (12)
Scrolls
 b - a scroll of random uselessness {unknown}
 e - 3 scrolls of remove curse
 g - 3 scrolls of teleportation
 h - 2 scrolls of magic mapping
 o - 2 scrolls of identify
Potions
 f - 2 potions of haste
 l - 2 potions of heal wounds
 t - a potion of brilliance
 u - a potion of might


   Skills:
 + Level 5.6 Fighting
 * Level 8.8 Axes
 + Level 6.7 Armour
 + Level 5.7 Dodging
 - Level 4.0 Shields


You had 8 spell levels left.
You didn't know any spells.
Your spell library was empty.

Dungeon Overview and Level Annotations

Branches:
Dungeon (7/15)
 Temple: D:4-7

Altars:
Dithmenos
Fedhas
Qazlal
Sif Muna
Uskayaw
Xom

Annotations:
D:7 Dowan


Innate Abilities, Weirdness & Mutations

You are resistant to damage.
You can heal yourself by infusing magical energy.
You passively map the area around you.
You do not regenerate.
You are very frail. (-20% HP)
Your system is resistant to poisons. (rPois)
Your spells are a little harder to cast, but a little more powerful.


Message History

You closely miss Dowan.
Dowan is severely wounded.
Dowan gestures wildly while chanting.
Dowan blinks!
Dowan hits you but does no damage.
You are electrocuted!
You closely miss Dowan.
Dowan is severely wounded.
Dowan barely misses you. x2
Your chain mail "Ejas" prevents you from hitting Dowan.
Dowan is severely wounded.
Dowan hits you but does no damage.
You are electrocuted!!
* * * LOW HITPOINT WARNING * * *
You barely miss Dowan.
Dowan is severely wounded.
Dowan closely misses you. You block Dowan's attack.
You miss Dowan.
Dowan is severely wounded.
Dowan gestures at you while chanting. The shard of ice hits you!
You die...

** * #..... #..#* #.....
##..# ,, #####..## #...+
,, #..##..## #...#, ,
,#..<#...# #...# ,,
#...#...#
#..########...#...'
*######.e##....##...#..†#
* ,
.......@)'........##..##
,
+###.....#......>.##..##
,#....##.............# ,
, , #.#####.............#
*, , ,,#.
#.............## +
#.............## * ,
#....)......(.'. * ,
##............#. , *
#........##..##


You could see Dowan (fast).

Vanquished Creatures
  Edmund (D:5)
  Duvessa (D:7)
  An ice beast (D:7)
  A sky beast (D:6)
  4 ogres
  A phantom (D:6)
  A centaur (D:7)
  Blork the orc (D:4)
  3 bullfrogs
  A water moccasin zombie (D:7)
  A wyvern skeleton (D:6)
  A wyvern zombie (D:7)
  A scorpion (D:6)
  6 killer bees (D:7)
  2 howler monkeys
  An orc wizard (D:3)
  An orc priest (D:4)
  A hound (D:5)
  Jessica (D:3)
  6 worker ants
  A worker ant zombie (D:7)
  Robin (D:3)
  7 gnolls
  15 adders
  A shadow imp (D:5)
  An ufetubus (D:7)
  An ooze (D:3)
  An adder skeleton (D:4)
  2 worms
  4 dart slugs
  4 leopard geckos
  14 orcs
  2 ball pythons
  5 giant cockroaches
  11 goblins
  7 hobgoblins
  14 jackals
  8 quokkas
  6 bats
  3 frilled lizards
  A jackal skeleton (D:6)
  6 kobolds
  4 rats
155 creatures vanquished.

Vanquished Creatures (others)
  A plant (D:4)
1 creature vanquished.

Grand Total: 156 creatures vanquished

Notes
Turn   | Place    | Note
-------+----------+-------------------------------------------
     0 | D:1      | kae the Deep Dwarf Fighter began the quest for the Orb.
     0 | D:1      | Reached XP level 1. HP: 20/20 MP: 1/1
   328 | D:1      | Reached XP level 2. HP: 25/27 MP: 2/2
   770 | D:2      | Reached skill level 1 in Dodging
   833 | D:2      | Reached XP level 3. HP: 25/33 MP: 3/3
   869 | D:2      | Reached skill level 3 in Axes
   910 | D:2      | Reached XP level 4. HP: 24/42 MP: 4/4
  1437 | D:3      | Reached XP level 5. HP: 44/49 MP: 4/4
  1475 | D:3      | Noticed Robin
  1491 | D:2      | Reached skill level 4 in Axes
  1618 | D:3      | Killed Robin
  1676 | D:3      | Noticed Jessica
  1680 | D:3      | Killed Jessica
  1683 | D:3      | You fall into a shaft and drop 3 floors!
  1694 | D:6      | Noticed an ogre
  1714 | D:6      | Killed an ogre
  1714 | D:6      | Reached XP level 6. HP: 39/56 MP: 5/5
  1800 | D:5      | Entered Level 5 of the Dungeon
  1807 | D:5      | Found a shadowy altar of Dithmenos.
  1869 | D:5      | Reached skill level 5 in Axes
  1962 | D:4      | Found a hide-covered altar of Uskayaw.
  1962 | D:4      | Noticed Blork the orc
  1962 | D:4      | Noticed a +0 dagger
  1962 | D:4      | Noticed a +0 hand axe
  1975 | D:4      | Killed Blork the orc
  2168 | D:4      | Reached XP level 7. HP: 23/63 MP: 6/6
  2277 | D:4      | Found a blossoming altar of Fedhas.
  2551 | D:3      | Reached skill level 6 in Axes
  2551 | D:3      | Reached skill level 5 in Armour
  3527 | D:5      | Found a stormy altar of Qazlal.
  3671 | D:5      | Found a shimmering altar of Xom.
  3781 | D:5      | Noticed Edmund
  3783 | D:5      | Gained mutation: You are frail. (-10% HP) [potion of
                  | mutation]
  3783 | D:5      | Gained mutation: You are very frail. (-20% HP) [potion of
                  | mutation]
  3783 | D:5      | Gained mutation: Your system is resistant to poisons.
                  | (rPois) [potion of mutation]
  3783 | D:5      | Gained mutation: Your spells are a little harder to cast,
                  | but a little more powerful. [potion of mutation]
  3797 | D:5      | Killed Edmund
  3797 | D:5      | Reached XP level 8. HP: 57/58 MP: 6/6
  4089 | D:6      | Reached skill level 7 in Axes
  4752 | D:6      | Reached skill level 5 in Fighting
  4874 | D:7      | Reached skill level 8 in Axes
  4874 | D:7      | Reached skill level 5 in Dodging
  4986 | D:7      | Got a heavily runed chain mail
  4997 | D:7      | Identified the +2 chain mail "Ejas" {MR+} (You found it on
                  | level 7 of the Dungeon)
  5152 | D:7      | Gained mutation: You passively map the area around you.
                  | [Deep Dwarf growth]
  5152 | D:7      | Reached XP level 9. HP: 39/64 MP: 7/7
  5169 | D:7      | Found a shimmering blue altar of Sif Muna.
  5295 | D:7      | Noticed Dowan
  5296 | D:7      | Noticed Duvessa
  5310 | D:7      | Killed Duvessa
  5319 | D:7      | Killed from afar by Dowan

Illustrated notes

Levels and vault maps discovered:
D:1:      mrwooster_arrival_statue_2, layout_loops_corners
D:2:      layout_loops_cross
D:3:      layout_loops_ring, uniq_robin, uniq_jessica
D:4:      layout_cave_pools, dancing_weapons_uskayaw,
          nicolae_overflow_crystal_walls, serial_forest,
          infiniplex_forest_end_1, infiniplex_forest_straight_3,
          infiniplex_forest_diagonal, infiniplex_forest_lined_corner,
          infiniplex_forest_clump_diagonal, infiniplex_forest_clump_tiny,
          infiniplex_forest_lined_ring, infiniplex_forest_zigzag_1,
          infiniplex_forest_lined_3, uniq_blork_the_orc
D:5:      layout_gridville, grunt_dithmenos_shadows, basic_altar,
          grunt_decor_one_mirror, grunt_qazlal_clouds, uniq_edmund
D:6:      layout_gridville, hangedman_decor_riveting
D:7:      layout_gridville, lemuel_round_altar, old_standard_altar,
          temple_green, basic_altar, lemuel_flame_loot_1, uniq_duvessa,
          uniq_prince_ribbit1

Skill      XL: |  1  2  3  4  5  6  7  8 |
---------------+-------------------------+-----
Dodging        | 1 2 3 4 5 |  5.7
Axes           | 3 4 5 6 8 |  8.8
Fighting       | 3 4 5 |  5.6
Shields        | 4 |  4.0
Armour         | 4 5 6 |  6.7

Action                   |  1- 3 |  4- 6 |  7- 9 || total
-------------------------+-------+-------+-------++-------
Melee: War axe           |    84 |   178 |   345 ||   607
 Abil: Heal Wounds       |       |     2 |     7 ||     9
  Use: Scroll            |       |     6 |     3 ||     9
       Potion            |       |     3 |     6 ||     9
Armor: Scale mail        |    37 |    80 |    68 ||   185
       Skin              |       |    13 |       ||    13
       Chain mail        |       |       |    95 ||    95
Dodge: Dodged            |    39 |    86 |   194 ||   319
Block: Buckler           |    14 |    58 |    72 ||   144
       Kite shield       |     2 |       |       ||     2

Table legend: (Time is in decaauts)
 A = Elapsed time spent in this place.
 B = Non-inter-level travel time spent in this place.
 C = Inter-level travel time spent in this place.
 D = Time resting spent in this place.
 E = Time spent auto-exploring this place.
 F = Levels seen in this place.
 G = Mean time per level.
                   A        B        C        D        E       F      G
               +--------+--------+--------+--------+--------+-----+--------+
         Total |   5454 |   5212 |    242 |    478 |   3386 |   7 |  779.1 |
       Dungeon |   5454 |   5212 |    242 |    478 |   3386 |   7 |  779.1 |
               +--------+--------+--------+--------+--------+-----+--------+

Top non-repeatable levels by time:
     D:6: 951 daAuts
     D:4: 882 daAuts
     D:5: 869 daAuts
     D:2: 819 daAuts
     D:1: 763 daAuts
     D:3: 692 daAuts
     D:7: 475 daAuts
